Map: Frozen Temple

Players

Miszu

  • Race: Terran Terran
  • League: Master

Lobo - Winner!

  • Race: Terran Terran
  • League: Master

VOD

Have the link to the VOD?

Description

Time

  • Played on: May 9, 2016, 5:16 p.m.
  • Length: 5:00
Show
View Real Time Build Order
Export as new Build Order

Miszu Terran 

Build Orders: Reaper Expand 

Get SALT Encoding   

  12  0:01  SCV  
  13  0:13  SCV  
  14  0:18  Supply Depot  
  14  0:25  SCV  
  15  0:40  SCV  
  15  0:41  Barracks  
  16  0:44  Refinery  
  16  0:52  SCV  
  17  1:04  SCV  
  18  1:16  SCV  
  19  1:28  Orbital Command  
  19  1:29  Reaper  
  20  1:42  Command Center  
  20  1:54  SCV  
  20  1:58  Supply Depot  
  20  2:01  Marine  
  22  2:06  Factory  
  22  2:10  SCV  
  23  2:19  Marine  
  23  2:23  SCV  
  23  2:27  Refinery  
  24  2:30  Bunker  
  24  2:37  Marine  
  24  2:42  SCV  
  26  2:50  Factory Tech Lab  
  26  2:51  Starport  
  26  2:54  SCV  
  26  2:56  Orbital Command  
  27  3:02  Marine  
  28  3:07  SCV  
  29  3:18  Cyclone  
  33  3:20  SCV  
  33  3:22  Marine  
  33  3:24  SCV  
  35  3:27  Supply Depot  
  35  3:33  Viking  
  37  3:47  SCV, Orbital Command  
  38  3:58  Barracks Reactor, Barracks  
  38  3:59  Barracks  
  38  4:05  Siege Tank  
  36  4:19  SCV  
  28  4:34  SCV  
  27  4:51  Barracks Tech Lab  
Show
View Real Time Build Order
Export as new Build Order

Lobo Terran - Winner!

Build Orders: Liberator Opening 

Get SALT Encoding   

  12  0:01  SCV  
  13  0:13  SCV  
  14  0:17  Supply Depot  
  14  0:24  Refinery  
  15  0:28  SCV  
  15  0:40  SCV  
  16  0:47  Barracks  
  16  0:52  SCV  
  17  0:57  Refinery  
  17  1:04  SCV  
  18  1:17  SCV  
  20  1:34  Reaper  
  20  1:35  Orbital Command  
  20  1:42  Factory  
  20  1:54  Supply Depot  
  20  2:01  SCV  
  21  2:06  Reaper  
  22  2:13  SCV  
  23  2:25  SCV  
  23  2:27  Hellion  
  26  2:30  Starport  
  26  2:38  Supply Depot, SCV  
  26  2:41  Reaper  
  28  2:49  Hellion  
  30  2:52  SCV  
  31  3:04  SCV  
  32  3:07  Medivac  
  32  3:11  Hellion  
  36  3:13  Reaper  
  36  3:15  Supply Depot  
  36  3:18  SCV  
  38  3:24  Liberator  
  38  3:30  SCV  
  42  3:50  Factory Tech Lab  
  42  3:52  Command Center  
  42  4:02  SCV  
  43  4:04  Supply Depot  
  40  4:17  SCV  
  41  4:34  SCV  
  44  4:40  Factory Tech Lab  
  44  4:42  Barracks Reactor  
  41  4:47  SCV  
Tags
 
Add a new tag
Caveats
  • Supply blocks, unpowered buildings, or Contaminate may cause inaccurate times.
  • Supply counts are checked every 10 seconds.